 Dungeon Crawl Stone Soup version 0.27.1-34-g3ba077fa99 (webtiles) character file.

Game seed: 8391670899133569821

55 LLlMATKO the Chopper (level 3, 0/49 HPs)
             Began as a Minotaur Berserker on Jan 19, 2022.
             Was a Believer of Trog.
             Succumbed to Sigmund's poison
             ... on level 2 of the Dungeon.
             The game lasted 00:01:25 (2341 turns).

LLlMATKO the Chopper (Minotaur Berserker)           Turns: 2341, Time: 00:01:26

Health: 0/49       AC:  9    Str: 21    XL:     3   Next: 67%
Magic:  2/2        EV:  8    Int:  4    God:    Trog [**....]
Gold:   19         SH:  0    Dex: 10    Spells: 2/2 levels left

rFire    . . .     SeeInvis .   a - +0 hand axe
rCold    . . .     Faith    .   (no shield)
rNeg     . . .     Spirit   .   e - +0 chain mail
rPois    .         Reflect  .   (helmet restricted)
rElec    .         Harm     .   (no cloak)
rCorr    .         Rampage  .   (no gloves)
Will     .....                  (no boots)
Stlth    ..........             (no amulet)
HPRegen  0.16/turn              (no ring)
MPRegen  0.08/turn              (no ring)

@: confused, berserking, lethally poisoned (0 -> -7), very quick
A: horns 2, retaliatory headbutt
a: Renounce Religion, Berserk, Trog's Hand


You were on level 2 of the Dungeon.
You worshipped Trog.
Trog was pleased with you.
You visited 1 branch of the dungeon, and saw 2 of its levels.

You collected 19 gold pieces.

Inventory:

Hand Weapons
 a - a +0 hand axe (weapon)
Missiles
 f - 3 datura-tipped darts (quivered)
Armour
 e - a +0 chain mail (worn)
Scrolls
 b - a scroll of summoning {unknown}
 d - a scroll of identify {unknown}
Potions
 c - 2 potions of curing {unknown}
 g - a potion of flight {unknown}
 h - a potion of attraction {unknown}
 i - a potion of berserk rage {unknown}


   Skills:
 + Level 4.2 Fighting
 + Level 4.2 Axes
 + Level 3.2 Armour
 + Level 2.9 Dodging


You had 2 spell levels left.
You didn't know any spells.
Your spell library was empty.

Dungeon Overview and Level Annotations

Branches:
Dungeon (2/15)

Altars:
Yredelemnul

Shops:
D:2 *

Annotations:
D:2 Sigmund


Innate Abilities, Weirdness & Mutations

You have a pair of horns on your head.
You reflexively headbutt those who attack you in melee.


Message History

Sigmund casts a spell at you.
You are confused.
You are too confused!
Sigmund zaps a wand.
The puff of flame hits you!
Sigmund zaps a wand.
The puff of flame hits you.
Sigmund gestures wildly while chanting.
Sigmund flickers and vanishes!
Deactivating autopickup; reactivate with Ctrl-A.
You hear a zap.
A puff of flame appears from out of thin air!
The puff of flame misses you.
You bump into the rock wall.
You feel less confused.
A puff of flame appears from out of thin air!
The puff of flame hits you but does no damage.
You hear a zap.
A puff of flame appears from out of thin air!
The puff of flame hits you.
A puff of flame appears from out of thin air!
The puff of flame hits you!
* * * LOW HITPOINT WARNING * * *
You hear a zap.
A puff of flame appears from out of thin air!
The puff of flame hits you.
* * * LOW HITPOINT WARNING * * *
You start resting.
There is a strange disturbance nearby!
A red film seems to cover your vision as you go berserk!
You feel yourself moving faster!
You feel mighty! Something hits you.
* * * LOW HITPOINT WARNING * * *
You are lethally poisoned!
You barely miss something.
* * * LOW HITPOINT WARNING * * *
You feel sick.
You hear some strange, mumbled words.
You are confused.
* * * LOW HITPOINT WARNING * * *
You feel sick.
You miss something. You headbutt something!
You die...

#.# #######...#####
#.# ##...###...###..
#.###....###...###..
#.##..#..##†.†..##..
#.#..##..#...#...#..
#.#..###....###....#
#.#..###....###....#
#.#..####...###...##
#.{@.###############
#...## #..## ####


There were no monsters in sight!

Vanquished Creatures
  An adder (D:2)
  A dart slug (D:1)
  3 orcs (D:2)
  5 bats (D:1)
  An endoplasm (D:2)
  4 giant cockroaches
  2 goblins (D:1)
  3 hobgoblins (D:1)
  4 jackals
  3 quokkas
  3 ball pythons
  3 kobolds
  4 rats (D:1)
37 creatures vanquished.

Notes
Turn   | Place    | Note
-------+----------+-------------------------------------------
     0 | D:1      | LLlMATKO the Minotaur Berserker began the quest for the
                  | Orb.
     0 | D:1      | Reached XP level 1. HP: 19/19 MP: 0/0
    68 | D:1      | Reached XP level 2. HP: 16/27 MP: 1/1
   613 | D:1      | Reached ** piety under Trog
   614 | D:1      | Reached XP level 3. HP: 33/33 MP: 2/2
  1762 | D:2      | Found a faded altar of an unknown god.
  1798 | D:2      | Found Xoizytask's General Store.
  1848 | D:2      | Found a basalt altar of Yredelemnul.
  2291 | D:2      | Noticed Sigmund
  2302 | D:2      | HP: 1/33 [something/puff of flame (5)]
  2340 | D:2      | HP: 1/49 [poisoned by Sigmund]
  2341 | D:2      | Succumbed to Sigmund's poison

Illustrated notes

Levels and vault maps discovered:
D:1:      saegor_arrival_simple_d, layout_basic, serial_corexii_hall,
          corexii_hall_statues_l, chequers_hall_statues_wall_a
D:2:      layout_basic, serial_shops, nicolae_square_shop, shop, basic_altar,
          hellmonk_ecumenical_altar_pennies_from_heaven, st_stairs_9,
          hangedman_glass_teeth, uniq_sigmund

Skill      XL: |  1  2 |
---------------+-------+-----
Fighting       | 4 |  4.2
Axes           | 4 |  4.2
Armour         | 3 |  3.2
Dodging        | |  2.9

Action                   || total
-------------------------++-------
Melee: Hand axe          ||    96
       Headbutt          ||     9
Invok: Berserk           ||     1
Armor: Animal skin       ||     9
       Chain mail        ||    51
Dodge: Dodged            ||    44
